 Dungeon Crawl Stone Soup version 0.23-a0-814-g91b4073 (console) character file.

213313 Duffy the Naga Aeon (level 19, -3/168 HPs)
             Began as a Naga Fighter on Jan 21, 2019.
             Was the Champion of Cheibriados.
             Slain by a deep elf blademaster
             ... wielding a +0 rapier
              (5 damage)
             ... on level 3 of the Elven Halls.
             The game lasted 00:52:59 (30963 turns).

Duffy the Naga Aeon (Naga Fighter)                 Turns: 30963, Time: 00:53:00

Health: -3/168     AC: 27    Str: 33    XL:     19   Next: 35%
Magic:  33/33      EV: 16    Int: 32    God:    Cheibriados [******]
Gold:   583        SH: 14    Dex: 26    Spells: 13/38 levels left

rFire    + . .     SeeInvis +   a - +9 broad axe (vamp)
rCold    + . .     Gourm    .   Z - +0 shield {reflect}
rNeg     + . .     Faith    +   x - +3 ring mail
rPois    +         Spirit   .   m - +4 hat "Jashaqor" {MR+ Regen+ Stlth+}
rElec    .         Reflect  +   h - scarf {rC+ rF+}
rCorr    .         Harm     .   M - +2 pair of gloves
MR       +++..                  g - +0 naga barding
Stlth    ++........             Q - amulet of faith
HPRegen  0.78/turn              Y - +4 ring of slaying
MPRegen  0.23/turn              j - ring of positive energy

@: studying Armour, very slow
A: large, see invisible, deformed body, poison resistance, slowness 2, slow
metabolism 1, spit poison 1, constrict 1, AC +6
a: Spit Poison, Bend Time, Temporal Distortion, Slouch, Step From Time, Renounce
Religion


You were on level 3 of the Elven Halls.
You worshipped Cheibriados.
Cheibriados was exalted by your worship.
You were not hungry.

You visited 4 branches of the dungeon, and saw 26 of its levels.
You also visited: Bailey and Gauntlet.

You collected 3273 gold pieces.
You spent 2690 gold pieces at shops.

Inventory:

Hand Weapons
 a - a +9 vampiric broad axe (weapon)
Armour
 g - a +0 naga barding (worn)
 h - a scarf of resistance (worn)
 m - the +4 hat "Jashaqor" (worn) {MR+ Regen+ Stlth+}
   (You found it in a Gauntlet)

   It affects your resistance to hostile enchantments.
   It increases your rate of regeneration.
   It makes you more stealthy.
 x - a +3 ring mail (worn)
 H - a scarf of cloud immunity
 K - a +0 large shield
 M - a +2 pair of gloves (worn)
 N - a +0 pair of gloves of strength
 Z - a +0 shield of reflection (worn)
Magical Staves
 O - an uncursed staff of air
Jewellery
 j - a ring of positive energy (right hand)
 p - an uncursed ring of wizardry
 Q - an amulet of faith (around neck)
 U - the amulet of the Four Winds {rN+ MR+++ Clar}
   (You found it on level 14 of the Dungeon)

   [amulet of nothing]

   It protects you from negative energy.
   It affects your resistance to hostile enchantments.
   It protects you against confusion.
 Y - a +4 ring of slaying (left hand)
Wands
 i - a wand of polymorph (8)
 q - a wand of iceblast (13)
 y - a wand of digging (14)
 A - a wand of enslavement (5)
 G - a wand of paralysis (5)
 J - a wand of disintegration (36)
 T - a wand of flame (24)
 V - a wand of acid (30)
 W - a wand of scattershot (11)
Scrolls
 b - 13 scrolls of identify
 k - 4 scrolls of fear
 l - 13 scrolls of teleportation
 n - 3 scrolls of blinking
 o - a scroll of magic mapping
 r - 2 scrolls of fog
 t - 2 scrolls of holy word
 u - 3 scrolls of vulnerability
 w - 9 scrolls of enchant armour
 C - 19 scrolls of remove curse
 D - 5 scrolls of immolation
 L - 3 scrolls of summoning
Potions
 c - 6 potions of flight
 d - 8 potions of might
 e - 3 potions of agility
 z - 5 potions of brilliance
 B - 12 potions of curing
 P - 4 potions of invisibility
 R - 2 potions of berserk rage
 S - 9 potions of heal wounds
 X - 2 potions of magic
Books
 I - a manual of Armour
Miscellaneous
 s - a box of beasts
 E - a phial of floods
Comestibles
 f - 46 rations
 v - 10 chunks of flesh


   Skills:
 - Level 10.0 Fighting
 - Level 12.0 Axes
 - Level 10.0 Armour
 - Level 10.0 Dodging
 + Level 9.4 Shields
 - Level 10.1 Spellcasting
 + Level 4.4 Hexes
 - Level 7.0 Charms
 - Level 3.0 Summonings
 - Level 3.0 Necromancy
 - Level 3.0 Transmutations
 - Level 7.0 Air Magic
 - Level 3.0 Earth Magic
 - Level 14.0 Invocations
 - Level 10.0 Evocations


You had 13 spell levels left.
You knew the following spells:

 Your Spells              Type           Power        Failure   Level  Hunger
h - Regeneration          Chrm/Necr      #####.....   1%          3    None
j - Spectral Weapon       Hex/Chrm       ######..     1%          3    None
l - Summon Lightning Spi  Summ/Air       #####...     4%          4    None
m - Deflect Missiles      Chrm/Air       ######....   32%         6    #####..
p - Passwall              Tmut/Erth      #####...     1%          2    None
u - Song of Slaying       Chrm           ######..     1%          2    None
S - Silence               Hex/Air        ######....   10%         5    ###....

Your spell library contained the following spells:

 Spells                   Type           Power        Failure   Level  Hunger
 Infusion                 Chrm           ####         1%          1    None
 Sandblast                Erth           #####.       1%          1    None
 Summon Small Mammal      Summ           ####         1%          1    None
 Call Imp                 Summ           #####...     1%          2    None
 Corpse Rot               Necr           N/A          1%          2    None
 Shroud of Golubria       Chrm/Tloc      #####.....   1%          2    None
 Sublimation of Blood     Necr           #####.....   1%          2    None
 Summon Guardian Golem    Hex/Summ       #####...     2%          3    None
 Flame Tongue             Conj/Fire      ###..        3%          1    None
 Magic Dart               Conj           ###.         3%          1    None
 Call Canine Familiar     Summ           #####...     3%          3    None
 Dazzling Spray           Conj/Hex       ####..       4%          3    None
 Inner Flame              Hex/Fire       ####....     4%          3    None
 Searing Ray              Conj           ###...       6%          2    None
 Throw Flame              Conj/Fire      ###...       6%          2    None
 Stone Arrow              Conj/Erth      ####..       6%          3    None
 Cause Fear               Hex            #####.....   6%          4    None
 Ignite Poison            Fire/Tmut/Pois ###.....     8%          3    None
 Leda's Liquefaction      Hex/Erth       #####.....   9%          4    None
 Petrify                  Tmut/Erth      #####...     11%         4    None
 Conjure Flame            Conj/Fire      ###.....     12%         3    None
 Fulminant Prism          Conj/Hex       ####......   16%         4    None
 Summon Ice Beast         Ice/Summ       ####....     21%         4    None
 Yara's Violent Unravell  Hex/Tmut       #####.....   22%         5    ###....
 Lee's Rapid Deconstruct  Erth           #####.....   30%         5    ###....
 Force Lance              Conj/Tloc      ###.....     36%         4    None
 Iskenderun's Mystic Bla  Conj           ###.....     36%         4    None
 Sticky Flame             Conj/Fire      ###.....     36%         4    None
 Alistair's Intoxication  Tmut/Pois      ####....     50%         5    ###....
 Irradiate                Conj/Tmut      ####......   50%         5    ###....
 Summon Forest            Summ/Tloc      ####......   50%         5    ###....
 Bolt of Magma            Conj/Fire/Erth ###.......   56%         5    ###....
 Fireball                 Conj/Fire      ###.......   71%         5    ###....
 Conjure Ball Lightning   Conj/Air       #####.....   80%         6    #####..
 Hydra Form               Tmut           #####.....   86%         6    #####..
 Statue Form              Tmut/Erth      #####....    86%         6    #####..
 Iron Shot                Conj/Erth      ####......   97%         6    #####..
 Summon Hydra             Summ           #####.....   100%        7    ######.
 Discord                  Hex            #####.....   100%        8    #######
 Shatter                  Erth           #####.....   100%        9    #######
 Tornado                  Air            ######....   100%        9    #######


Dungeon Overview and Level Annotations

Branches:
Dungeon (15/15)            Temple (0/1) D:6            Lair (6/6) D:8
 Shoals (0/4) Lair:2        Snake (0/4) Lair:4        Slime (0/5) Lair:5
    Orc (2/2) D:10            Elf (3/3) Orc:2        Vaults (0/5) D:13
 Depths (0/5) D:15

Altars:
Cheibriados
Elyvilon
Fedhas
Hepliaklqana
Kikubaaqudgha
Makhleb
Nemelex Xobeh
Okawaru
Qazlal
Ru
Trog
Yredelemnul
The Shining One
Jiyva

Shops:
D:5 ?   D:6 [   D:11 *   D:15 !   Orc:2 %?:=   Elf:1 [

Annotations:
Elf:2 5 runed doors, exclusion: 5 doors


Innate Abilities, Weirdness & Mutations

You cannot wear boots.
Your serpentine skin is tough. (AC +6)
You have supernaturally acute eyesight. (SInv)
Armour fits poorly on your strangely shaped body.
Your system is resistant to poisons. (rPois)
You cover ground very slowly.
You have a slow metabolism.
You can spit poison.
You can use your snake-like lower body to constrict enemies.


Message History

The deep elf elementalist is empowered by the deep elf high priest's aura!
The deep elf annihilator is empowered by the deep elf high priest's aura!
Some of the chunks of flesh in your inventory have rotted away.
The deep elf annihilator seems less brilliant.
The deep elf death mage seems less brilliant.
The deep elf sorcerer seems less brilliant.
The deep elf elementalist seems less brilliant.
The deep elf annihilator seems less brilliant.
The deep elf blademaster misses you.
The deep elf blademaster hits you with a +0 rapier.
The deep elf annihilator is empowered by the deep elf high priest's aura!
The deep elf death mage is empowered by the deep elf high priest's aura!
The deep elf sorcerer is empowered by the deep elf high priest's aura!
The deep elf elementalist is empowered by the deep elf high priest's aura!
The deep elf annihilator is empowered by the deep elf high priest's aura!
The deep elf annihilator casts a spell at you.
The iron shot hits you!!!
You block the deep elf death mage's attack.
The deep elf blademaster hits you with a +0 rapier.
You die...

*,,,,,,,,,**,,,,**,,,,,,,,*
*,,,,,,,*###...###*,,,,,,,*
*,,,,,**##(......##**,,,,,*
*,,,**.##.......(.###**,,,*
*,,,*,#......e......#**,,,*
*,,,,,...............,,,,,*
**,,,,,......eee....).,,,,,**
***,,,,,,.....(eeee.....,,,,,,***
**,,,,,,,,,,,,###@###,,,,,,,,,,,,**
*,,,,,,,,,,,,##..((.##,,,,,,,,,,,,*
,,,,,,,,,,,###...(...###,,,,,,,,,,,
,,,,,,,,,,*#......(...(#*,,,,,,,,,,
,,,,*,,,,,*#...........#*,,,,,*,,,,
,,,***,,,,*#..........(#*,,,,,**,,,
,,,,,,,,,,*#........(..#*,,,,,,,,,,
,,,,,,,,,,*#...........#*,,,,,,,,,,
,,,,,,,,,,*#...........#*,,,,,,,,,,


You could see a deep elf blademaster, a deep elf master archer, 2 deep elf
annihilators, a deep elf death mage, a deep elf sorcerer, a deep elf
elementalist, a deep elf high priest and a +3 short sword of draining.

Vanquished Creatures
  2 deep elf blademasters (Elf:3)
  Agnes (Elf:1)
  Gastronok (D:12)
  Kirke (D:13)
  Donald (Orc:1)
  4 deep elf sorcerers
  4 deep elf elementalists (Elf:3)
  2 deep elf annihilators (Elf:3)
  3 deep elf demonologists
  The ghost of Ezoatsupp the Severer, a journeyman HOFi of Okawaru (Lair:3)
  A minotaur (Gauntlet)
  2 deep elf death magi
  Snorg (Orc:1)
  A yaktaur captain (D:15)
  An ettin (Orc:1)
  Fannar (D:10)
  7 deep elf high priests
  8 vault guards
  Erica (D:10)
  2 catoblepae
  8 hydras
  3 ogre magi
  8 dancing weapons
  A merfolk avatar (Lair:6)
  6 centaur warriors
  A hell hog (Gauntlet)
  Urug (Orc:1)
  12 two-headed ogres
  An orc high priest (Orc:2)
  The ghost of ubloh the Grappler, a novice TrMo of Okawaru (D:9)
  Nergalle (D:12)
  13 deep elf knights
  4 unseen horrors
  2 deep trolls (Orc:2)
  10 deep elf archers
  3 orc knights
  2 harpies (Lair:6)
  A wolf spider zombie (D:14)
  45 deep elf magi
  An orc sorcerer (Orc:1)
  3 ugly things
  2 oklob plants
  3 manticores
  6 cyclopes
  28 elephants
  Maurice (Orc:2)
  3 centaur zombies
  3 black mambas
  Psyche (D:12)
  3 small abominations
  2 molten gargoyles (Gauntlet)
  18 spiny frogs
  7 rime drakes
  5 gargoyles
  2 efreet
  10 komodo dragons
  A yaktaur (D:11)
  A kobold demonologist (D:8)
  A polar bear (shapeshifter) (Elf:2)
  3 polar bears
  A wind drake (Lair:6)
  12 trolls
  4 hornets
  17 hippogriffs
  13 slime creatures
  17 blink frogs
  3 shadows
  A meliai zombie (D:14)
  A centaur simulacrum (D:14)
  2 wraiths
  9 wyverns
  3 spriggans
  65 yaks
  2 air elementals
  A vampire (D:13)
  A fire bat (shapeshifter) (D:14)
  A fire elemental (Elf:1)
  2 humans (D:7)
  4 hogs (D:13)
  2 hungry ghosts
  4 fire bats (Gauntlet)
  6 vampire mosquitoes
  5 basilisks
  5 wargs
  A soldier ant (D:15)
  2 nagas (Lair:4)
  2 acid dragons
  13 water moccasins
  5 porcupines
  A hell hound (Gauntlet)
  A sky beast (D:9)
  33 orc warriors
  A sky beast (shapeshifter) (Elf:1)
  6 ice beasts
  An eye of draining (D:14)
  3 necrophages
  3 black bears
  A phantom (D:11)
  A hornet zombie (D:11)
  28 ogres
  4 wolves
  3 centaurs
  16 crocodiles
  4 big kobolds
  19 bullfrogs
  5 earth elementals
  A water moccasin skeleton (D:8)
  11 killer bees
  3 scorpions
  8 wights
  4 howler monkeys
  2 electric eels (Lair:6)
  9 crimson imps
  8 hounds
  2 quasits
  17 orc priests
  A jelly (D:12)
  A bullfrog skeleton (D:8)
  8 centaur skeletons
  3 iguanas
  Natasha (thrice) (D:3)
  18 orc wizards
  2 hell rats (Lair:2)
  11 worker ants
  3 worker ant zombies
  9 adders
  7 river rats (Lair:2)
  4 shadow imps
  A white imp (Gauntlet)
  An adder skeleton (D:4)
  2 worms
  2 dart slugs
  2 leopard geckos
  110 orcs
  6 bats
  7 giant cockroaches
  4 goblins
  9 hobgoblins
  16 jackals
  6 quokkas
  A ball python (D:1)
  9 frilled lizards
  22 kobolds
  A quokka skeleton (D:7)
  14 rats
  A bush (Lair:3)
  2 crawling corpses (Elf:3)
  2 fungi
  2 plants
961 creatures vanquished.

Vanquished Creatures (collateral kills)
  2 killer bees (D:8)
2 creatures vanquished.

Vanquished Creatures (others)
  A deep elf master archer (Elf:3)
  A centaur warrior (D:13)
  A deep elf knight (Elf:1)
  A deep elf archer (Elf:1)
  A deep elf mage (Elf:1)
  A cyclops (D:11)
  A human (D:14)
  2 killer bees (D:8)
  An ogre (D:10)
  A kobold (D:11)
  A quokka (D:10)
  7 fungi
  18 plants
37 creatures vanquished.

Grand Total: 1000 creatures vanquished

Notes
Turn   | Place    | Note
-------+----------+-------------------------------------------
     0 | D:1      | Duffy the Naga Fighter began the quest for the Orb.
     0 | D:1      | Reached XP level 1. HP: 21/21 MP: 1/1
   276 | D:1      | Reached XP level 2. HP: 20/28 MP: 2/2
   798 | D:1      | Reached XP level 3. HP: 34/34 MP: 3/3
  1378 | D:2      | Noticed a moth of wrath
  1380 | D:2      | Found a bloodstained altar of Trog.
  1414 | D:2      | Reached XP level 4. HP: 27/44 MP: 4/4
  2010 | D:2      | Found a glowing golden altar of the Shining One.
  2114 | D:2      | Found a burning altar of Makhleb.
  2114 | D:2      | Noticed a green death
  3080 | D:3      | Noticed Natasha
  3093 | D:3      | Killed Natasha
  3093 | D:3      | Reached XP level 5. HP: 16/50 MP: 5/5
  3562 | D:3      | Noticed Natasha
  3567 | D:3      | Killed Natasha
  3702 | D:3      | Noticed Natasha
  3711 | D:3      | Killed Natasha
  3833 | D:4      | Found a snail-covered altar of Cheibriados.
  3843 | D:4      | Became a worshipper of Cheibriados the Contemplative
  3964 | D:4      | Reached XP level 6. HP: 40/58 MP: 6/6
  4903 | D:5      | Entered Level 5 of the Dungeon
  4905 | D:5      | Found a white marble altar of Elyvilon.
  4985 | D:5      | Found Kuf Uwk's Magic Scroll Boutique.
  4999 | D:5      | Bought a scroll of remove curse for 33 gold pieces
  4999 | D:5      | Bought a scroll of noise for 11 gold pieces
  4999 | D:5      | Bought a scroll of immolation for 38 gold pieces
  5038 | D:5      | Noticed a hippogriff
  5051 | D:5      | Killed a hippogriff
  5051 | D:5      | Reached skill level 1 in Evocations
  5051 | D:5      | Reached XP level 7. HP: 23/66 MP: 6/8
  5596 | D:5      | Bought a scroll of identify for 22 gold pieces
  5596 | D:5      | Bought a scroll of identify for 22 gold pieces
  5596 | D:5      | Bought a scroll of identify for 22 gold pieces
  5596 | D:5      | Bought a scroll of identify for 22 gold pieces
  5596 | D:5      | Bought a scroll of identify for 22 gold pieces
  5629 | D:6      | Reached skill level 5 in Axes
  5724 | D:6      | Found a stormy altar of Qazlal.
  5850 | D:6      | Found a blossoming altar of Fedhas.
  6088 | D:6      | Found Sateeq's Armour Emporium.
  6177 | D:6      | Reached XP level 8. HP: 68/73 MP: 10/10
  6191 | D:6      | Reached * piety under Cheibriados
  6191 | D:6      | Reached skill level 5 in Shields
  6564 | D:6      | Found a staircase to the Ecumenical Temple.
  6703 | D:6      | Was placed under penance by Cheibriados
  6707 | D:6      | Was forgiven by Cheibriados
  6797 | D:6      | Found a sacrificial altar of Ru.
  7026 | D:7      | Noticed a yak
  7026 | D:7      | Noticed a yak
  7027 | D:7      | Noticed a yak
  7028 | D:7      | Noticed a yak
  7032 | D:7      | Noticed a yak
  7043 | D:7      | Killed a yak
  7058 | D:7      | Killed a yak
  7058 | D:7      | Reached XP level 9. HP: 31/80 MP: 12/12
  7498 | D:7      | Reached skill level 5 in Fighting
  8053 | D:7      | Reached skill level 1 in Invocations
  8364 | D:7      | Found an iron altar of Okawaru.
  8562 | D:7      | Reached skill level 2 in Invocations
  8778 | D:7      | Reached skill level 3 in Invocations
  8869 | D:7      | Reached ** piety under Cheibriados
  9160 | D:8      | Reached XP level 10. HP: 85/88 MP: 13/13
  9363 | D:8      | Reached skill level 4 in Invocations
  9573 | D:8      | Found a staircase to the Lair.
  9647 | D:8      | Reached *** piety under Cheibriados
  9655 | D:8      | Reached skill level 5 in Evocations
 10148 | D:8      | Found a hazy altar of Hepliaklqana.
 10243 | D:8      | Found a basalt altar of Yredelemnul.
 10391 | D:9      | Noticed a kobold demonologist
 10404 | D:8      | Killed a kobold demonologist
 10427 | D:8      | Was placed under penance by Cheibriados
 10428 | D:8      | Was forgiven by Cheibriados
 10434 | D:8      | Reached skill level 5 in Invocations
 11328 | D:9      | Reached **** piety under Cheibriados
 11406 | D:9      | Identified the +5 spear "Dragonbane" {freeze, *Noise +Inv
                  | Str+3 Stlth+}
 11407 | D:9      | Found a runed door.
 11407 | D:9      | Noticed ubloh's ghost (novice TrMo)
 11814 | D:9      | Reached skill level 1 in Dodging
 12137 | D:10     | Entered Level 10 of the Dungeon
 12208 | D:10     | Noticed Fannar
 12232 | D:10     | Killed Fannar
 12232 | D:10     | Reached skill level 6 in Invocations
 12232 | D:10     | Reached XP level 11. HP: 66/94 MP: 15/15
 12351 | D:10     | Noticed Erica
 12378 | D:10     | Killed Erica
 12647 | D:10     | Reached skill level 7 in Invocations
 12952 | D:10     | Noticed a two-headed ogre
 12956 | D:10     | Killed a two-headed ogre
 13088 | D:10     | Found a staircase to the Orcish Mines.
 13094 | Orc:1    | Entered Level 1 of the Orcish Mines
 13098 | Orc:1    | Noticed an orc sorcerer
 13099 | Orc:1    | Reached ***** piety under Cheibriados
 13100 | Orc:1    | Killed an orc sorcerer
 13709 | Lair:1   | Entered Level 1 of the Lair of Beasts
 13734 | Lair:1   | Reached skill level 8 in Invocations
 13757 | Lair:1   | Found a gate leading to a gauntlet.
 13767 | Gauntlet | Entered a Gauntlet
 13767 | Gauntlet | Found a transporter.
 13767 | Gauntlet | Found a transporter.
 14084 | Gauntlet | Found a transporter.
 14084 | Gauntlet | Found a transporter.
 14086 | Gauntlet | Found a large runed translucent door.
 14087 | Gauntlet | Found a large runed translucent door.
 14088 | Gauntlet | Found a large runed translucent door.
 14088 | Gauntlet | Found a large runed translucent door.
 14088 | Gauntlet | Found a runed translucent door.
 14089 | Gauntlet | Found a runed translucent door.
 14089 | Gauntlet | Found a large runed translucent door.
 14090 | Gauntlet | Found a large runed translucent door.
 14090 | Gauntlet | Found a large runed translucent door.
 14090 | Gauntlet | Found a large runed translucent door.
 14091 | Gauntlet | Found a large runed translucent door.
 14092 | Gauntlet | Found a large runed translucent door.
 14094 | Gauntlet | Found a transporter.
 14095 | Gauntlet | Found a large runed translucent door.
 14095 | Gauntlet | Found a large runed translucent door.
 14096 | Gauntlet | Found a large runed translucent door.
 14096 | Gauntlet | Found a large runed translucent door.
 14096 | Gauntlet | Found a large runed translucent door.
 14096 | Gauntlet | Found a large runed translucent door.
 14099 | Gauntlet | Found a runed translucent gate.
 14099 | Gauntlet | Found a runed translucent gate.
 14099 | Gauntlet | Found a runed translucent gate.
 14100 | Gauntlet | Noticed a ghost crab
 14101 | Gauntlet | Found a transporter.
 14108 | Gauntlet | Noticed a hell hog
 14111 | Gauntlet | Found a transporter.
 14111 | Gauntlet | Found a transporter.
 14115 | Gauntlet | Found a transporter.
 14130 | Gauntlet | Found a transporter.
 14131 | Gauntlet | Noticed a ghost crab
 14139 | Gauntlet | Found a transporter.
 14158 | Gauntlet | Noticed a wizard
 14159 | Gauntlet | Found a transporter.
 14206 | Gauntlet | Found a transporter.
 14220 | Gauntlet | Found a transporter.
 14220 | Gauntlet | Noticed a catoblepas
 14320 | Gauntlet | Found a transporter.
 14334 | Gauntlet | Noticed a sixfirhy
 14334 | Gauntlet | Noticed a sixfirhy
 14336 | Gauntlet | Found a transporter.
 14344 | Gauntlet | Noticed a sixfirhy
 14345 | Gauntlet | Noticed a sixfirhy
 14492 | Gauntlet | Killed a catoblepas
 14492 | Gauntlet | Reached skill level 10 in Axes
 14501 | Gauntlet | Reached skill level 5 in Dodging
 14502 | Gauntlet | Reached skill level 9 in Invocations
 14502 | Gauntlet | Reached XP level 12. HP: 46/103 MP: 18/18
 14717 | Gauntlet | Got a spiked hat
 14723 | Gauntlet | Identified the +4 hat "Jashaqor" {MR+ Regen+ Stlth+} (You
                  | found it in a Gauntlet)
 14783 | Gauntlet | Killed a hell hog
 14843 | Gauntlet | Noticed a minotaur
 14854 | Gauntlet | Killed a minotaur
 16085 | D:6      | Bought a scarf of resistance for 352 gold pieces
 16114 | D:5      | Bought a scroll of brand weapon for 220 gold pieces
 16114 | D:5      | Bought a scroll of teleportation for 33 gold pieces
 16114 | D:5      | Bought a scroll of teleportation for 33 gold pieces
 16333 | Lair:2   | Reached skill level 5 in Armour
 16456 | Lair:2   | Found a staircase to the Shoals.
 16767 | Lair:2   | Reached skill level 11 in Invocations
 16767 | Lair:2   | Gained mutation: You can use your snake-like lower body to
                  | constrict enemies. [Naga growth]
 16767 | Lair:2   | Reached XP level 13. HP: 115/115 MP: 18/21
 17191 | Lair:2   | Reached skill level 12 in Invocations
 17648 | Lair:3   | Reached XP level 14. HP: 120/124 MP: 23/23
 17820 | Lair:3   | Found a runed door.
 17828 | Lair:3   | Noticed Ezoatsupp's ghost (journeyman HOFi)
 17866 | Lair:3   | Killed Ezoatsupp's ghost
 18483 | Lair:4   | Found a staircase to the Snake Pit.
 18610 | Lair:4   | Learned a level 4 spell: Summon Lightning Spire
 20105 | Lair:5   | Found a viscous altar of Jiyva.
 20105 | Lair:5   | Found a staircase to the Slime Pits.
 20158 | Lair:6   | Entered Level 6 of the Lair of Beasts
 20419 | Lair:6   | Got a blackened arbalest
 20583 | Lair:6   | Reached XP level 15. HP: 122/138 MP: 24/24
 20664 | Lair:6   | Reached skill level 10 in Fighting
 21200 | Lair:6   | Reached ****** piety under Cheibriados
 21710 | Orc:2    | Entered Level 2 of the Orcish Mines
 21710 | Orc:2    | Noticed Donald
 21763 | Orc:1    | Noticed Urug
 21780 | Orc:1    | Killed Urug
 21836 | Orc:1    | Noticed Snorg
 21850 | Orc:1    | Killed Snorg
 22185 | Orc:2    | Reached skill level 10 in Dodging
 22260 | Orc:1    | Killed Donald
 22473 | Orc:1    | Reached skill level 10 in Armour
 22832 | Orc:2    | Found Byutuzat's Food Emporium.
 22836 | Orc:2    | Found Kuese's Magic Scroll Shoppe.
 22841 | Orc:2    | Found Peda's Book Shop.
 22859 | Orc:2    | Reached XP level 16. HP: 90/146 MP: 25/25
 22867 | Orc:2    | Bought a scroll of identify for 26 gold pieces
 22869 | Orc:2    | Found Liodylug's Jewellery Emporium.
 23036 | Orc:2    | Found a staircase to the Elven Halls.
 23142 | Orc:2    | Noticed Maurice
 23147 | Orc:2    | Killed Maurice
 23360 | Orc:2    | Bought an uncursed amulet of regeneration for 450 gold
                  | pieces
 23378 | Orc:2    | Bought a scroll of enchant armour for 97 gold pieces
 23378 | Orc:2    | Bought a scroll of teleportation for 39 gold pieces
 23378 | Orc:2    | Bought a scroll of enchant armour for 97 gold pieces
 23378 | Orc:2    | Bought a scroll of teleportation for 39 gold pieces
 23378 | Orc:2    | Bought a scroll of fear for 45 gold pieces
 23378 | Orc:2    | Bought a scroll of enchant weapon for 97 gold pieces
 23859 | D:11     | Found Moonim's Mayhem Merchandise.
 23865 | D:11     | Bought a wand of iceblast (5) for 99 gold pieces
 23865 | D:11     | Bought a wand of iceblast (9) for 143 gold pieces
 23884 | D:11     | Reached skill level 13 in Invocations
 23945 | D:11     | Learned a level 2 spell: Song of Slaying
 23949 | D:11     | Learned a level 3 spell: Regeneration
 23953 | D:11     | Learned a level 3 spell: Spectral Weapon
 24061 | D:12     | Noticed Nergalle
 24061 | D:12     | Noticed Psyche
 24063 | D:12     | Killed Psyche
 24072 | D:12     | Killed Nergalle
 24125 | D:12     | Reached skill level 1 in Spellcasting
 24158 | D:12     | Noticed Gastronok
 24172 | D:12     | Killed Gastronok
 24659 | D:13     | Found a flagged portal.
 24670 | Bailey   | Entered a bailey
 24779 | Bailey   | Reached skill level 5 in Spellcasting
 24779 | Bailey   | Reached XP level 17. HP: 153/153 MP: 27/27
 25116 | D:13     | Noticed Kirke
 25127 | D:13     | Killed Kirke
 25255 | D:13     | You fall through a shaft!
 25277 | D:14     | Found a transporter.
 25285 | D:14     | Reached skill level 10 in Evocations
 25298 | D:14     | Reached skill level 14 in Invocations
 25435 | D:14     | Found a transporter.
 25457 | D:14     | Found the amulet of the Four Winds {rN+ MR+++ Clar}
 25621 | D:14     | Found a sparkling altar of Nemelex Xobeh.
 25764 | D:14     | Learned a level 6 spell: Deflect Missiles
 26413 | D:13     | Reached skill level 1 in Charms
 26413 | D:13     | Reached skill level 1 in Air Magic
 26433 | D:13     | Found a gate to the Vaults.
 26626 | D:15     | Entered Level 15 of the Dungeon
 26801 | D:15     | Reached XP level 18. HP: 160/160 MP: 28/28
 27031 | D:15     | Found Voil's Distillery.
 27039 | D:15     | Bought a potion of heal wounds for 70 gold pieces
 27039 | D:15     | Bought a potion of heal wounds for 70 gold pieces
 27039 | D:15     | Bought a potion of flight for 42 gold pieces
 27039 | D:15     | Bought a potion of might for 56 gold pieces
 27039 | D:15     | Bought a potion of invisibility for 112 gold pieces
 27039 | D:15     | Bought a potion of curing for 42 gold pieces
 27039 | D:15     | Bought 2 potions of flight for 84 gold pieces
 27039 | D:15     | Bought a potion of curing for 42 gold pieces
 27282 | D:15     | Found a staircase to the Depths.
 27422 | D:15     | Learned a level 2 spell: Passwall
 27428 | D:15     | Learned a level 5 spell: Silence
 27636 | D:9      | Killed ubloh's ghost
 27761 | Elf:1    | Entered Level 1 of the Elven Halls
 27869 | Elf:1    | Noticed Agnes
 27881 | Elf:1    | Killed Agnes
 27887 | Elf:1    | Reached skill level 5 in Charms
 27887 | Elf:1    | Reached skill level 5 in Air Magic
 27953 | Elf:1    | Found Jowaelas's Antique Armour Shoppe.
 28046 | Elf:1    | Bought a pair of runed gloves for 210 gold pieces
 29482 | Elf:2    | Found a huge runed gate.
 29482 | Elf:2    | Found a huge runed gate.
 29482 | Elf:2    | Found a huge runed gate.
 29482 | Elf:2    | Found a huge runed gate.
 29482 | Elf:2    | Found a huge runed gate.
 29487 | Elf:2    | Reached skill level 1 in Hexes
 29487 | Elf:2    | Reached skill level 1 in Transmutations
 29526 | Elf:2    | Reached skill level 1 in Necromancy
 29526 | Elf:2    | Reached skill level 1 in Earth Magic
 29537 | Elf:3    | Entered Level 3 of the Elven Halls
 29537 | Elf:3    | Found an ancient bone altar of Kikubaaqudgha.
 29642 | Elf:3    | Reached skill level 1 in Summonings
 30500 | Elf:3    | Reached XP level 19. HP: 168/168 MP: 32/32
 30802 | Elf:3    | Identified the +1 leather armour of Resourcefulness {rPois
                  | rF+ Int+4 Dex-4}
 30861 | Elf:3    | Reached skill level 10 in Spellcasting
 30960 | Elf:3    | Identified the +1 robe of Life {rPois MR++ Regen+ Stlth-}
 30963 | Elf:3    | HP: 2/168 [deep elf annihilator/iron shot (67)]
 30963 | Elf:3    | Slain by a deep elf blademaster

Vault maps used:
D:1:      wander_arrival_lonely_grave, minmay_hexomino_p4
D:2:      wander_river, tso_metal_star, tgw_trog, makhleb_altar_promises_db
D:3:      minmay_chambers_of_twos, uniq_natasha
D:4:      cheibriados_altar_1, first_ration
D:5:      elyvilon_altar_5, serial_shops, shop
D:6:      grunt_temple_overflow_forces_of_nature, kennysheep_little_box,
          minmay_temple_entry_junction_2, serial_shops, shop
D:7:      okawaru_humans
D:8:      kennysheep_mini_moat, kennysheep_mini, erik_lair_orcish_takeover,
          the_bakery
D:9:      ebering_ghost_funeral_grove
D:10:     orc_0_dummy, uniq_erica, uniq_fannar
D:11:     minmay_shop_mayhem, minivault_28
D:12:     item_on_display_a, uniq_gastronok, uniq_nergalle, uniq_psyche
D:13:     erik_vaults_2, enter_bailey_2, uniq_kirke
D:14:     gammafunk_the_bubble, nemelex_xobeh_ov_fountains_minmay
D:15:     grunt_enter_depths_snipers, chequers_serial_rivers_small_b,
          serial_shops, shop, nooodl_food_tri
Lair:1:   gauntlet_entry_generic, columned_hall_lemuel, beast_lair_carwin_2,
          grunt_megastairs_4
Lair:2:   minmay_shoals_entry_beasts, kennysheep_rathole
Lair:3:   ebering_ghost_reflecting_pool, chequers_serial_rivers_marsh,
          minmay_lair_oklob_bushes
Lair:4:   guppyfry_snake_entry_island, infiniplex_staircase_pool_2
Lair:5:   dpeg_slime_entry_enclosed_altar, special_room, patterned_corridor,
          grunt_megastairs_3
Lair:6:   gammafunk_lair_ancient_temple, minivault_25, serial_bayou_shore_a
Orc:1:    uniq_urug, uniq_snorg
Orc:2:    st_orc_open, uniq_donald, uniq_maurice
Elf:1:    eino_elf_arrival_sip, serial_shops, nicolae_shop_statue_plus,
          kennysheep_underground_church, solitary_fountain,
          minmay_misc_feat_five, feat_on_display, uniq_agnes
Elf:3:    minmay_elf_hall_hex, basic_altar
Bailey:   bailey_polearm_5, bailey
Gauntlet: gammafunk_gauntlet_branching

Skill      XL: |  1  2  3  4  5  6  7  8  9 10 11 12 13 14 15 16 17 18 19 |
---------------+----------------------------------------------------------+-----
Shields        | 3 4 6 8 9 |  9.4
Axes           | 3 4 5 7 8 10 11 12 | 12.0
Fighting       | 4 5 7 9 10 | 10.0
Evocations     | 1 2 4 6 7 9 10 | 10.0
Invocations    | 3 6 9 11 12 13 14 | 14.0
Dodging        | 2 5 6 7 8 10 | 10.0
Armour         | 5 7 10 | 10.0
Spellcasting   | 5 7 9 10 | 10.1
Charms         | 3 7 |  7.0
Air Magic      | 3 7 |  7.0
Hexes          | 2 4 |  4.4
Transmutations | 2 3 |  3.0
Necromancy     | 2 3 |  3.0
Earth Magic    | 2 3 |  3.0
Summonings     | 2 3 |  3.0

Action                   |  1- 3 |  4- 6 |  7- 9 | 10-12 | 13-15 | 16-18 | 19-21 || total
-------------------------+-------+-------+-------+-------+-------+-------+-------++-------
Melee: War axe           |   117 |   205 |   326 |   579 |   640 |    10 |       ||  1877
       Constrict         |       |       |       |       |   140 |   156 |    21 ||   317
       Scimitar          |       |       |       |       |    10 |       |       ||    10
       Broad axe         |       |       |       |       |       |   696 |    88 ||   784
 Cast: Deflect Missiles  |       |       |       |       |       |     2 |       ||     2
Invok: Slouch            |       |       |       |     6 |     8 |     7 |       ||    21
       Bend Time         |       |       |       |     1 |       |       |       ||     1
       Temporal Distorti |       |       |       |       |     5 |     2 |       ||     7
 Abil: Spit Poison       |       |     8 |    19 |    13 |       |       |       ||    40
Evoke: Wand              |       |     1 |    13 |    45 |    26 |     5 |       ||    90
  Use: Scroll            |     1 |     6 |    11 |     7 |     2 |    16 |       ||    43
       Potion            |       |       |     3 |     6 |       |     1 |       ||    10
 Stab: Paralysed         |       |       |     1 |     3 |       |       |       ||     4
       Sleeping          |       |       |       |       |     3 |     8 |       ||    11
       Distracted        |       |       |       |       |       |     1 |       ||     1
  Eat: Chunk             |     1 |     7 |    10 |     7 |     9 |    11 |       ||    45
       Ration            |       |     1 |       |     3 |     2 |     4 |       ||    10
Armor: Scale mail        |    57 |    24 |       |       |       |       |       ||    81
       Leather armour    |       |    59 |       |       |       |       |       ||    59
       Ring mail         |       |     9 |   146 |   281 |   320 |   266 |    31 ||  1053
       Skin              |       |       |    11 |       |       |       |       ||    11
Dodge: Dodged            |    25 |    70 |   105 |   316 |   435 |   466 |    25 ||  1442
       Deflected         |       |       |       |       |       |     5 |    11 ||    16
Block: Shield            |    56 |   132 |   211 |   518 |   637 |   577 |    36 ||  2167
       Reflection        |       |       |       |       |     4 |    58 |     8 ||    70

Table legend:
 A = Non-vault XP
 B = Vault XP
 C = Vault XP percentage of total XP
 D = Non-vault monster count
 E = Vault monster count
 F = Vault count percentage of total count
                 A         B        C        D         E       F
            +---------+---------+-------+---------+---------+-------
      Total |  143138 |  123681 |  46.4 |     689 |     275 |  28.5
            +---------+---------+-------+---------+---------+-------
        D:1 |      47 |       6 |  11.3 |      29 |       3 |   9.4
        D:2 |      62 |       9 |  12.7 |      16 |       5 |  23.8
        D:3 |     120 |      48 |  28.6 |      20 |       9 |  31.0
        D:4 |     232 |       0 |   0.0 |       9 |       0 |   0.0
        D:5 |     345 |       0 |   0.0 |       5 |       0 |   0.0
        D:6 |    1148 |       0 |   0.0 |      30 |       0 |   0.0
        D:7 |    2324 |     398 |  14.6 |      35 |       2 |   5.4
        D:8 |    1910 |     848 |  30.7 |      38 |       9 |  19.1
        D:9 |     824 |    1513 |  64.7 |      22 |       5 |  18.5
       D:10 |    1692 |    2003 |  54.2 |      12 |       2 |  14.3
       D:11 |    6893 |    5760 |  45.5 |      46 |      12 |  20.7
       D:12 |    7630 |    3395 |  30.8 |      37 |       3 |   7.5
       D:13 |    5201 |    9690 |  65.1 |      17 |      12 |  41.4
       D:14 |    6441 |    5176 |  44.6 |      30 |      12 |  28.6
       D:15 |    8264 |    4433 |  34.9 |      15 |       8 |  34.8
     Lair:1 |    6967 |    1519 |  17.9 |      34 |       6 |  15.0
     Lair:2 |    2458 |     914 |  27.1 |      10 |      11 |  52.4
     Lair:3 |    4542 |    1757 |  27.9 |      21 |       2 |   8.7
     Lair:4 |    8320 |     316 |   3.7 |      29 |       2 |   6.5
     Lair:5 |    4723 |    6961 |  59.6 |      17 |      22 |  56.4
     Lair:6 |   15738 |    9970 |  38.8 |      41 |      24 |  36.9
      Orc:1 |    4690 |   10893 |  69.9 |      56 |      17 |  23.3
      Orc:2 |    2911 |    9233 |  76.0 |      38 |      24 |  38.7
      Elf:1 |   33528 |    7242 |  17.8 |      54 |       9 |  14.3
      Elf:2 |    5757 |    1826 |  24.1 |      10 |       2 |  16.7
      Elf:3 |   10371 |   31676 |  75.3 |      18 |      21 |  53.8
     Bailey |       0 |    2833 | 100.0 |       0 |      40 | 100.0
   Gauntlet |       0 |    5262 | 100.0 |       0 |      13 | 100.0
            +---------+---------+-------+---------+---------+-------
